Get step-by-step instructions on how to execute this build order below. Start the game timer, and the build order will tick by so you can play in parallel with StarCraft on a second screen or mobile device.

Game Time

  0:00

Last Step

  N/A

Next Step

  12  0:00  Probe  

Upcoming Step

  13  0:13  Probe  

Don't want to look back and forth between 2 screens? Try out our Overwolf App, the Spawning Tool Build Advisor to get an in-game overlay with this build!

Complete Build Order

  12  0:00  Probe  
  13  0:13  Probe  
  14  0:20  Pylon  
  14  0:25  Probe  
  15  0:35  Probe  
  16  0:43  Probe  
  16  0:47  Assimilator  
  17  0:50  Gateway  
  17  0:52  Probe  
  18  1:00  Pylon, Probe  
  18  1:08  Probe  
  20  1:19  Probe  
  21  1:31  Probe  
  22  1:39  Zealot  
  24  1:41  Cybernetics Core  
  24  1:43  Probe  
  25  2:00  Nexus  
  25  2:12  Gateway  
  25  2:13  Zealot  
  25  2:19  Pylon  
  27  2:25  Probe  
  27  2:28  Warp Gate  
  28  2:37  Probe  
  28  2:38  Assimilator  
  29  2:44  Adept  
  29  2:50  Probe  
  31  2:59  Adept  
  31  3:01  Probe  
  34  3:08  Pylon  
  34  3:09  Probe  
  34  3:12  Probe  
  35  3:17  Probe  
  36  3:26  Gateway, Probe  
  38  3:33  Adept  
  40  3:35  Probe  
  40  3:40  Adept  
  43  3:42  Probe  
  43  3:47  Probe  
  45  3:54  Probe  
  46  3:59  Probe  
  46  4:01  Adept  
  47  4:03  Adept  
  47  4:05  Probe  
  50  4:11  Probe  
  50  4:13  Probe  
  50  4:15  Pylon  
  53  4:19  Adept  
  53  4:21  Probe  
  53  4:23  Probe  
  57  4:25  Pylon  
  58  4:32  Probe  
  58  4:37  Stalker, Probe  
  62  4:40  Stalker x2  
  62  4:45  Twilight Council, Probe  
  67  4:49  Probe  
  67  4:52  Pylon  
  68  4:57  Probe  
  69  5:00  Stalker  
  69  5:03  Stalker  
  69  5:06  Sentry